Map: 潜水艇-天梯版

Players

Silky - Winner!

  • Race: Zerg Zerg
  • League: Master

iGMacSed (MacSed)

  • Race: Protoss Protoss

Event: DreamHack SC2 Masters 2020 Summer China

VOD

Have the link to the VOD?

Description

Time

  • Played on: July 4, 2020, 7:36 a.m.
  • Length: 9:21

All games in this series

Show
View Real Time Build Order
Export as new Build Order

Silky Zerg - Winner!

Build Orders: Hatch First 

Get SALT Encoding   

  12  0:00  Drone  
  13  0:12  Overlord  
  13  0:17  Drone  
  14  0:30  Drone x2  
  16  0:38  Drone  
  17  0:52  Hatchery  
  17  0:55  Drone  
  17  0:58  Drone  
  17  1:01  Extractor  
  17  1:13  Spawning Pool  
  17  1:17  Drone  
  17  1:20  Drone  
  18  1:28  Drone  
  19  1:39  Drone  
  20  1:48  Hatchery  
  20  1:51  Drone  
  20  2:01  Drone  
  21  2:03  Metabolic Boost  
  21  2:05  Zergling x2  
  22  2:14  Queen  
  24  2:22  Queen  
  26  2:28  Overlord  
  26  2:33  Zergling x4  
  28  2:46  Drone x4  
  28  2:48  Drone  
  32  2:53  Queen  
  34  2:59  Overlord  
  34  3:02  Drone  
  34  3:04  Drone  
  36  3:10  Queen  
  38  3:14  Drone  
  38  3:19  Spore Crawler  
  38  3:20  Spore Crawler  
  38  3:21  Drone  
  38  3:24  Spore Crawler  
  38  3:27  Drone  
  38  3:30  Drone  
  38  3:33  Drone x2  
  41  3:36  Overlord  
  41  3:40  Zergling x2  
  42  3:41  Zergling x2  
  42  3:43  Zergling x2  
  42  3:45  Drone  
  43  3:51  Drone x3  
  43  3:55  Drone x2  
  48  3:57  Overlord  
  48  4:03  Overlord  
  48  4:06  Drone  
  48  4:09  Overlord  
  48  4:18  Drone x5  
  48  4:22  Drone, Lair  
  54  4:31  Drone x6  
  59  4:34  Drone, Extractor  
  59  4:37  Drone  
  61  4:42  Roach Warren, Drone x2  
  61  4:47  Drone x3  
  61  4:48  Drone  
  61  4:50  Drone  
  61  4:51  Extractor  
  65  4:53  Evolution Chamber  
  65  4:58  Drone x5  
  69  5:02  Extractor x2  
  69  5:03  Overlord  
  69  5:04  Zergling x2  
  68  5:08  Overlord  
  68  5:10  Overlord  
  68  5:15  Overlord  
  68  5:16  Drone x3, Extractor  
  68  5:19  Overlord  
  68  5:20  Zerg Missile Weapons Level 1  
  70  5:24  Hydralisk Den  
  70  5:25  Drone x2  
  69  5:31  Drone x3  
  69  5:33  Drone  
  69  5:34  Glial Reconstitution  
  73  5:39  Roach x2  
  73  5:41  Roach  
  79  5:44  Roach  
  79  5:45  Roach  
  79  5:49  Roach  
  85  5:50  Overlord  
  85  5:54  Grooved Spines  
  85  5:55  Hydralisk  
  87  5:58  Hydralisk  
  87  6:00  Hydralisk  
  87  6:02  Hydralisk  
  93  6:06  Hydralisk  
  93  6:08  Hydralisk  
  93  6:10  Hydralisk  
  99  6:12  Hydralisk  
  99  6:16  Hydralisk  
  103  6:19  Hydralisk  
  103  6:21  Hydralisk  
  103  6:23  Overlord  
  107  6:25  Overlord  
  107  6:27  Hydralisk  
  107  6:30  Roach  
  111  6:33  Roach x2  
  111  6:35  Roach  
  111  6:38  Roach  
  119  6:40  Ravager  
  119  6:41  Roach  
  119  6:44  Roach  
  119  6:46  Roach x2  
  128  6:48  Overlord  
  128  6:51  Overlord  
  128  6:56  Roach  
  128  6:57  Roach x2  
  128  6:58  Roach  
  136  7:03  Overlord x2  
  136  7:09  Ravager x4, Zergling x2  
  136  7:10  Zergling x4  
  136  7:12  Roach  
  136  7:13  Roach  
  147  7:16  Roach  
  147  7:18  Roach  
  147  7:19  Zergling x2  
  147  7:20  Overseer  
  147  7:22  Roach  
  154  7:30  Roach  
  154  7:31  Roach x4  
  156  7:38  Roach x3  
  153  7:47  Zergling x2  
  146  7:52  Queen  
  146  7:54  Hydralisk  
  147  8:02  Hydralisk x6  
  147  8:04  Zergling x4  
  157  8:07  Hydralisk x2  
  154  8:14  Hydralisk x3  
  154  8:16  Zergling x2  
  154  8:19  Ravager  
  149  8:21  Zergling x2  
  142  8:28  Hydralisk x2  
  142  8:29  Zergling x2  
  142  8:33  Hydralisk  
  136  8:38  Hydralisk x4  
  139  8:47  Hydralisk x2  
  134  8:49  Zergling x6  
  134  8:53  Hydralisk  
Show
View Real Time Build Order
Export as new Build Order

iGMacSed Protoss 

Build Orders: 1 Gate Expand, Oracle Opening, Phoenix Opening, Zealot Archon 

Get SALT Encoding   

  12  0:00  Probe  
  13  0:13  Probe  
  14  0:18  Pylon  
  14  0:24  Probe  
  15  0:32  Probe  
  15  0:40  Probe  
  16  0:43  Gateway  
  17  0:51  Assimilator, Probe  
  18  1:03  Probe  
  19  1:15  Probe  
  20  1:26  Nexus  
  20  1:36  Cybernetics Core  
  20  1:39  Probe  
  21  1:46  Assimilator  
  21  1:51  Probe  
  22  1:56  Pylon  
  22  2:04  Adept, Probe  
  25  2:16  Probe  
  25  2:17  Stargate  
  26  2:25  Adept, Warp Gate  
  26  2:28  Probe  
  29  2:38  Probe  
  29  2:40  Probe  
  31  2:50  Probe  
  32  2:52  Probe  
  32  2:53  Oracle  
  32  2:58  Adept  
  35  3:02  Probe  
  35  3:04  Probe  
  40  3:09  Pylon  
  40  3:14  Probe  
  40  3:17  Probe  
  42  3:22  Oracle  
  42  3:25  Gateway  
  42  3:27  Probe  
  43  3:29  Probe  
  47  3:38  Pylon  
  47  3:39  Probe  
  48  3:42  Probe  
  49  3:52  Probe  
  49  3:54  Probe  
  51  3:59  Phoenix  
  53  4:04  Probe  
  53  4:07  Probe  
  55  4:14  Nexus  
  55  4:16  Probe  
  56  4:17  Pylon  
  56  4:19  Probe  
  56  4:20  Twilight Council  
  57  4:28  Probe  
  57  4:29  Pylon  
  58  4:34  Probe  
  58  4:36  Assimilator  
  58  4:37  Forge  
  59  4:40  Assimilator, Probe  
  60  4:47  Robotics Facility  
  60  4:49  Probe  
  62  4:52  Probe  
  62  5:01  Probe  
  62  5:05  Probe  
  62  5:07  Charge  
  64  5:11  Protoss Ground Weapons Level 1  
  64  5:13  Probe  
  65  5:14  Gateway  
  65  5:19  Gateway x2  
  65  5:20  Gateway  
  65  5:26  Immortal  
  65  5:29  Gateway  
  65  5:31  Gateway  
  69  5:43  Probe x2  
  69  5:44  Templar Archives  
  69  5:45  Probe  
  69  5:49  Photon Cannon  
  72  5:55  Probe x2  
  72  5:56  Immortal  
  74  5:57  Probe  
  74  6:03  Psionic Storm  
  75  6:07  Probe  
  75  6:08  Probe  
  75  6:09  Zealot x2, Probe  
  86  6:13  Pylon  
  86  6:19  Probe  
  86  6:24  Probe  
  86  6:25  Probe  
  89  6:26  Assimilator  
  89  6:30  Shield Battery  
  89  6:31  Observer, Shield Battery  
  89  6:32  Probe  
  90  6:34  Photon Cannon  
  90  6:39  Probe  
  92  6:42  Assimilator  
  92  6:43  High Templar x2  
  92  6:45  Probe  
  97  6:50  Photon Cannon  
  97  6:51  Immortal  
  101  7:08  Pylon  
  101  7:09  Pylon x2  
  101  7:10  Pylon x2  
  101  7:20  Pylon  
  101  7:26  Probe  
  101  7:28  High Templar x3  
  106  7:33  Archon  
  106  7:34  Zealot x3  
  106  7:35  Zealot x2  
  98  7:56  Zealot x5, Pylon  
  96  8:14  Zealot  
  92  8:23  Archon, Zealot x5  
  94  8:32  Gateway  
  94  8:33  Gateway  
  73  8:40  Probe  
  72  8:45  Zealot x2  
  72  8:46  Zealot x3  
  67  8:58  Pylon  
Tags
 
Add a new tag
Caveats
  • Supply blocks, unpowered buildings, or Contaminate may cause inaccurate times.
  • Supply counts are checked every 10 seconds.